 Dungeon Crawl Stone Soup version 0.21.0-24-g2553a33 (webtiles) character file.

1133 microfolk the Skirmisher (level 8, -1/52 HPs)
             Began as a Gargoyle Berserker on Jan 21, 2018.
             Was an Elder of Trog.
             Slain by an ogre
             ... wielding a +0 giant spiked club
              (22 damage)
             ... on level 6 of the Dungeon.
             The game lasted 00:12:40 (5386 turns).

microfolk the Skirmisher (Gargoyle Berserker)       Turns: 5386, Time: 00:12:40

Health: -1/52      AC: 12    Str: 21    XL:     8   Next: 36%
Magic:  8/8        EV: 11    Int:  9    God:    Trog [****..]
Gold:   237        SH:  6    Dex: 10    Spells: 7/7 levels left

rFire    x . .     SeeInvis .   a - +0 mace
rCold    + . .     Gourm    .   (no shield)
rNeg     + . .     Faith    .   g - +1 ring mail
rPois    ∞         Spirit   .   (no helmet)
rElec    +         Reflect  +   (no cloak)
rCorr    .         Harm     .   (no gloves)
MR       .....                  (no boots)
Stlth    ..........             t - +6 amulet of reflection
HPRegen  0.17/turn              l - ring of ice
MPRegen  0.11/turn              (no ring)

@: about to teleport, berserk cooldown, slowed, drained, very slow
A: negative energy resistance 1, electricity resistance, unbreathing,
petrification resistance, rot immunity, AC +5
a: Berserk, Trog's Hand, Brothers in Arms, Burn Spellbooks, Renounce Religion


You were on level 6 of the Dungeon.
You worshipped Trog.
Trog was greatly pleased with you.
You were not hungry.

You visited 1 branch of the dungeon, and saw 6 of its levels.

You collected 237 gold pieces.

Inventory:

Hand Weapons
 a - a +0 mace (weapon)
 b - a +0 hunting sling
Missiles
 e - 121 stones (quivered)
 k - 60 sling bullets
 w - a throwing net
Armour
 g - a +1 ring mail (worn)
Jewellery
 l - a ring of ice (left hand)
 t - a +6 amulet of reflection (around neck)
Scrolls
 d - a scroll of fog {unknown}
 j - a scroll of enchant armour
 q - 2 scrolls of magic mapping
 s - a scroll of immolation {unknown}
 u - 3 scrolls of remove curse
 v - a scroll of identify
Potions
 f - a potion of berserk rage
 h - a potion of curing
 i - a potion of flight
 n - a potion of mutation {unknown}
 o - a potion of cancellation
 p - a potion of degeneration {unknown}
 r - a potion of invisibility
 x - a potion of magic
 z - 2 potions of lignification {unknown}
Comestibles
 c - 10 rations


   Skills:
 + Level 6.7(6.3) Fighting
 + Level 6.1(5.7) Maces & Flails
 + Level 6.1(5.7) Armour
 - Level 2.7(2.3) Dodging


You had 7 spell levels left.
You didn't know any spells.

Dungeon Overview and Level Annotations

Branches:
Dungeon (6/15)             Temple (0/1) D:6

Altars:
Dithmenos
Okawaru
Sif Muna
Yredelemnul
The Shining One


Innate Abilities, Weirdness & Mutations

You are resistant to torment.
Your stone body is resilient. (AC +5)
You are immune to poison.
You resist negative energy. (rN+)
You are resistant to electric shocks. (rElec)
You can survive without breathing.
You are immune to petrification.
You are immune to rotting.


Message History

The gnoll is severely wounded.
You thump the gnoll!
You kill the gnoll!
Trog accepts your kill.
An ogre comes into view. It is wielding a giant spiked club.
Things that are here:
a scroll labeled RYGUOT MUIRI; a gnoll corpse You feel a strong urge to attack something.
You see here a gnoll corpse.
You butcher the gnoll corpse.
You see here 4 chunks of flesh.
Eat one of 4 chunks of flesh? (ye/n/q)
You eat one of the 4 chunks of flesh.
This raw flesh tastes terrible.
You feel your anger nearly subside.
You are no longer berserk.
You are exhausted.
You feel yourself slow down.
As you read the scroll of teleportation, it crumbles to dust.
You feel strangely unstable. The ogre misses you.
The ogre hits you with a giant spiked club!!
You die...

####### #####
#.....####### #....
#...........####(###
+...........'.....>.
#...........###..)..
####..@........# #.....
#....O........## #.....
.#.#####...#.#.#.#.#.#
#.....
........?%...........#
#..##.
...#####.).#.......#.##
#..##. #..
###............###..##.
#..
#(.#...>...#...)...##.
#...
#............####..###
#.... #..#.......#.#
#.....


You could see an ogre.

Vanquished Creatures
  A centaur (D:6)
  A bullfrog (D:6)
  Blork the orc (D:6)
  4 scorpions
  A howler monkey (D:4)
  2 crimson imps (D:5)
  A quasit (D:4)
  A bullfrog skeleton (D:4)
  2 hounds (D:4)
  A jelly (D:5)
  An iguana (D:4)
  Natasha (twice) (D:3 D:2)
  4 worker ants
  A hound zombie (D:6)
  7 gnolls
  11 adders
  A shadow imp (D:5)
  An ooze (D:6)
  2 adder skeletons
  2 worms
  6 dart slugs
  4 leopard geckos
  4 orcs
  3 bats
  4 giant cockroaches
  5 hobgoblins
  19 jackals
  3 quokkas
  3 ball pythons
  5 frilled lizards
  7 goblins
  3 kobolds
  11 rats
  A spectral orc (D:2)
125 creatures vanquished.

Notes
Turn   | Place    | Note
-------+----------+-------------------------------------------
     0 | D:1      | microfolk the Gargoyle Berserker began the quest for the Orb.
     0 | D:1      | Reached XP level 1. HP: 14/14 MP: 1/1
   236 | D:1      | Reached XP level 2. HP: 18/19 MP: 2/2
   520 | D:1      | Reached XP level 3. HP: 17/23 MP: 3/3
   827 | D:2      | Reached ** piety under Trog
  1049 | D:2      | Reached XP level 4. HP: 20/29 MP: 4/4
  1675 | D:2      | Found a basalt altar of Yredelemnul.
  1836 | D:2      | Found a deep blue altar of Sif Muna.
  1991 | D:3      | Noticed Natasha
  2000 | D:3      | Killed Natasha
  2000 | D:3      | Reached XP level 5. HP: 33/33 MP: 5/5
  2040 | D:3      | Noticed Natasha
  2055 | D:2      | Killed Natasha
  2202 | D:3      | Found an iron altar of Okawaru.
  3168 | D:3      | Reached XP level 6. HP: 34/39 MP: 6/6
  3190 | D:4      | Reached *** piety under Trog
  3430 | D:4      | Reached skill level 5 in Fighting
  3589 | D:4      | Found a shadowy altar of Dithmenos.
  3717 | D:4      | Reached XP level 7. HP: 29/44 MP: 7/7
  4101 | D:4      | Reached skill level 5 in Maces & Flails
  4239 | D:4      | Reached skill level 5 in Armour
  4338 | D:5      | Entered Level 5 of the Dungeon
  4706 | D:5      | Found a glowing golden altar of the Shining One.
  5086 | D:6      | Noticed Blork the orc
  5103 | D:6      | Killed Blork the orc
  5103 | D:6      | Reached XP level 8. HP: 51/51 MP: 8/8
  5142 | D:6      | Reached **** piety under Trog
  5192 | D:6      | Found a staircase to the Ecumenical Temple.
  5386 | D:6      | Slain by an ogre

Skill      XL: |  1  2  3  4  5  6  7  8 |
---------------+-------------------------+-----
Dodging        | 2 |  2.7
Armour         | 3 4 5 6 |  6.1
Fighting       | 4 5 6 |  6.7
Maces & Flails | 4 5 6 |  6.1

Action                   |  1- 3 |  4- 6 |  7- 9 || total
-------------------------+-------+-------+-------++-------
Melee: Mace              |   126 |   299 |   165 ||   590
Invok: Berserk           |     1 |     5 |     4 ||    10
  Use: Scroll            |       |     5 |     7 ||    12
  Eat: Chunk             |     1 |    11 |     7 ||    19
       Ration            |       |     1 |     1 ||     2
Armor: Animal skin       |     5 |       |       ||     5
       Ring mail         |    52 |   159 |    66 ||   277
Dodge: Dodged            |    87 |   239 |    94 ||   420
Block: Other             |       |       |    21 ||    21
